RL
BELLE RIVER BOMBERS @ RALEIGH OAKS
06/17/2060
 
TOP OF THE 1ST
Belle River Bombers batting - Pitching for Raleigh Oaks : LHP Tyson Moore
Pitching: LHP Tyson Moore
Batting: RHB Corbin Schutte 0-0: Called Strike
0-1: Ball
1-1: Called Strike
1-2: Foul Ball, location: 2F
1-2: Fly out, F7 (Flyball, 7D, EV 107.5 MPH)
Batting: RHB Kyle Fielding 0-0: Called Strike
0-1: Ball
1-1: Swinging Strike
1-2: Strikes out swinging
Batting: RHB Ny Medrano 0-0: Fly out, F7 (Flyball, 7S, EV 82.5 MPH)
Top of the 1st over - 0 runs, 0 hits, 0 errors, 0 left on base; Belle River 0 - Raleigh 0
BOTTOM OF THE 1ST
Raleigh Oaks batting - Pitching for Belle River Bombers : RHP Mason Norton
Pitching: RHP Mason Norton
Batting: LHB Micah Lowrey 0-0: Ball
1-0: Ball
2-0: Swinging Strike
2-1: Foul Ball, location: 2F
2-2: Foul Ball, location: 2F
2-2: Ball
3-2: Base on Balls
Batting: LHB Julien Bachinsky 0-0: Foul Ball, location: 2F
0-1: Ball
1-1: Swinging Strike
1-2: Foul Ball, location: 2F
1-2: Ball
2-2: Ball
3-2: Ground out U3 (Groundball, 34S, EV 67.5 MPH)
Micah Lowrey to second
Batting: LHB Erick Owens 0-0: Ball
1-0: Ball
2-0: Foul Ball, location: 2F
2-1: SINGLE (Line Drive, 7S, EV 99.4 MPH)
Micah Lowrey to third
Batting: RHB Brock Stone 0-0: Called Strike
0-1: Ball
1-1: Ball
2-1: Called Strike
2-2: Ball
3-2: Base on Balls
Erick Owens to second
Batting: RHB Isaac McCall 0-0: Called Strike
0-1: Ball
1-1: Ball
2-1: Ball
3-1: Foul Ball, location: 2F
3-2: Fielders Choice at 2nd, 5-4 (Groundball, 56S, EV 88.8 MPH)
Micah Lowrey scores
Erick Owens to third
Batting: SHB Branden Silzer 0-0: Ball
1-0: Ground out 4-3 (Groundball, 4, EV 91.2 MPH)
Bottom of the 1st over - 1 run, 1 hit, 0 errors, 2 left on base; Belle River 0 - Raleigh 1
TOP OF THE 2ND
Belle River Bombers batting - Pitching for Raleigh Oaks : LHP Tyson Moore
Batting: RHB Jovani DeCaria 0-0: Ball
1-0: Ball
2-0: Fly out, F6 (Popup, 4MD, EV 65.6 MPH)
Batting: RHB J.C. Rico 0-0: Ball
1-0: Ball
2-0: Fly out, F8 (Flyball, 8RD, EV 91.2 MPH)
Batting: RHB Peyton Epps 0-0: Foul Ball, location: 2F
0-1: Ball
1-1: Foul Ball, location: 2F
1-2: Ball
2-2: Ground out 6-3 (Groundball, 56, EV 102.5 MPH)
Top of the 2nd over - 0 runs, 0 hits, 0 errors, 0 left on base; Belle River 0 - Raleigh 1
BOTTOM OF THE 2ND
Raleigh Oaks batting - Pitching for Belle River Bombers : RHP Mason Norton
Batting: SHB Sawyer Shaw 0-0: Ball
1-0: Foul Ball, location: 2F
1-1: Foul Ball, location: 2F
1-2: Ball
2-2: Foul Ball, location: 2F
2-2: Ball
3-2: DOUBLE (Line Drive, 78M, EV 93.1 MPH)
Batting: RHB Colby Holden 0-0: Ball
1-0: Called Strike
1-1: Called Strike
1-2: Ground out 4-3 (Groundball, 4M, EV 83.8 MPH)
Sawyer Shaw to third
Batting: RHB Brad Furia 0-0: Ball
1-0: Ball
2-0: Called Strike
2-1: Foul Ball, location: 2F
2-2: Strikes out swinging
Batting: LHB Micah Lowrey 0-0: Called Strike
0-1: Ball
1-1: Swinging Strike
1-2: Foul Ball, location: 2F
1-2: Ball
2-2: Fly out, F7 (Line Drive, 7D, EV 87.5 MPH)
Bottom of the 2nd over - 0 runs, 1 hit, 0 errors, 1 left on base; Belle River 0 - Raleigh 1
TOP OF THE 3RD
Belle River Bombers batting - Pitching for Raleigh Oaks : LHP Tyson Moore
Batting: RHB Gavin Sawicki 0-0: Ball
1-0: Ball
2-0: Ball
3-0: Called Strike
3-1: SINGLE (Flyball, 56D, EV 92.5 MPH)
Batting: RHB Zachariah White 0-0: Ball
1-0: Called Strike
1-1: Swinging Strike
1-2: Strikes out swinging
Batting: RHB Jackson Manu 0-0: Ball
Wild Pitch!
Gavin Sawicki to second
1-0: Called Strike
1-1: Called Strike
1-2: Fly out, F8 (Flyball, 8LD, EV 101.2 MPH)
Batting: RHB Corbin Schutte 0-0: Ball
1-0: Ball
2-0: Swinging Strike
2-1: Foul Ball, location: 2F
2-2: Foul Ball, location: 2F
2-2: Strikes out swinging
Top of the 3rd over - 0 runs, 1 hit, 0 errors, 1 left on base; Belle River 0 - Raleigh 1
BOTTOM OF THE 3RD
Raleigh Oaks batting - Pitching for Belle River Bombers : RHP Mason Norton
Batting: LHB Julien Bachinsky 0-0: Called Strike
0-1: Swinging Strike
0-2: Strikes out swinging
Batting: LHB Erick Owens 0-0: Ball
1-0: Swinging Strike
1-1: Ball
2-1: Foul Ball, location: 2F
2-2: Foul Ball, location: 2F
2-2: Strikes out swinging, 2-3 out at first.
Batting: RHB Brock Stone 0-0: Called Strike
0-1: Ball
1-1: SOLO HOME RUN (Flyball, 78XD, EV 111.2 MPH), Distance : 451 ft
Batting: RHB Isaac McCall 0-0: Called Strike
0-1: Ball
1-1: Ball
2-1: Ball
3-1: Base on Balls
Batting: SHB Branden Silzer 0-0: Ball
1-0: Ball
2-0: Foul Ball, location: 2F
2-1: Called Strike
2-2: Strikes out swinging
Bottom of the 3rd over - 1 run, 1 hit, 0 errors, 1 left on base; Belle River 0 - Raleigh 2
TOP OF THE 4TH
Belle River Bombers batting - Pitching for Raleigh Oaks : LHP Tyson Moore
Batting: RHB Kyle Fielding 0-0: Ball
1-0: Ball
2-0: Ball
3-0: Called Strike
3-1: Base on Balls
Batting: RHB Ny Medrano 0-0: Ball
Wild Pitch!
Kyle Fielding to second
1-0: Called Strike
1-1: Ball
2-1: Foul Ball, location: 2F
2-2: Strikes out swinging
Batting: RHB Jovani DeCaria 0-0: Ground out 3-1 (Groundball, 34, EV 78.8 MPH)
Kyle Fielding to third
Batting: RHB J.C. Rico 0-0: Called Strike
0-1: Ground out 4-3 (Groundball, 34, EV 80.0 MPH)
Top of the 4th over - 0 runs, 0 hits, 0 errors, 1 left on base; Belle River 0 - Raleigh 2
BOTTOM OF THE 4TH
Raleigh Oaks batting - Pitching for Belle River Bombers : RHP Mason Norton
Batting: SHB Sawyer Shaw 0-0: Called Strike
0-1: Called Strike
0-2: Strikes out swinging
Batting: RHB Colby Holden 0-0: Ball
1-0: Called Strike
1-1: Foul Ball, location: 2F
1-2: Ball
2-2: Strikes out swinging
Batting: RHB Brad Furia 0-0: Ball
1-0: Ball
2-0: Called Strike
2-1: Swinging Strike
2-2: Ball
3-2: Base on Balls
Pitching: RHP Lionel Mendoza
Batting: LHB Micah Lowrey 0-0: Swinging Strike
0-1: Called Strike
0-2: Ball
1-2: 2-RUN HOME RUN (Flyball, 7LD, EV 96.9 MPH), Distance : 352 ft
Batting: LHB Julien Bachinsky 0-0: Ball
1-0: Foul Ball, location: 2F
1-1: Ball
2-1: Called Strike
2-2: Foul Ball, location: 2F
2-2: Fly out, F8 (Flyball, 8LD, EV 98.1 MPH)
Bottom of the 4th over - 2 runs, 1 hit, 0 errors, 0 left on base; Belle River 0 - Raleigh 4
TOP OF THE 5TH
Belle River Bombers batting - Pitching for Raleigh Oaks : LHP Tyson Moore
Batting: RHB Peyton Epps 0-0: Called Strike
0-1: Foul Ball, location: 2F
0-2: Ball
1-2: Ball
2-2: Strikes out swinging
Batting: RHB Gavin Sawicki 0-0: Swinging Strike
0-1: Foul Ball, location: 2F
0-2: SINGLE (Flyball, 89S, EV 86.9 MPH)
Batting: RHB Zachariah White 0-0: Fly out, F9 (Flyball, 9D, EV 90.0 MPH)
Batting: RHB Jackson Manu 0-0: Ground out 5-3 (Groundball, 56, EV 111.2 MPH)
Top of the 5th over - 0 runs, 1 hit, 0 errors, 1 left on base; Belle River 0 - Raleigh 4
BOTTOM OF THE 5TH
Raleigh Oaks batting - Pitching for Belle River Bombers : RHP Lionel Mendoza
Batting: LHB Erick Owens 0-0: Called Strike
0-1: Ball
1-1: Ball
2-1: Ball
3-1: Called Strike
3-2: Foul Ball, location: 2F
3-2: Base on Balls
Batting: RHB Brock Stone 0-0: Fly out, F8 (Line Drive, 8LM, EV 90.6 MPH)
Batting: RHB Isaac McCall 0-0: Swinging Strike
0-1: Ball
1-1: Foul Ball, location: 2F
1-2: Foul Ball, location: 2F
1-2: Strikes out looking
Batting: SHB Branden Silzer 0-0: Foul Ball, location: 2F
0-1: Called Strike
0-2: Foul Ball, location: 2F
0-2: Foul Ball, location: 2F
0-2: Ball
1-2: Foul Ball, location: 2F
1-2: Ground out 5-3 (Groundball, 56S, EV 71.9 MPH)
Bottom of the 5th over - 0 runs, 0 hits, 0 errors, 1 left on base; Belle River 0 - Raleigh 4
TOP OF THE 6TH
Belle River Bombers batting - Pitching for Raleigh Oaks : LHP Tyson Moore
Batting: RHB Corbin Schutte 0-0: Called Strike
0-1: Ball
1-1: Fly out, F8 (Flyball, 89M, EV 89.4 MPH)
Batting: RHB Kyle Fielding 0-0: Foul Ball, location: 2F
0-1: Called Strike
0-2: Foul Ball, location: 2F
0-2: Foul Ball, location: 2F
0-2: Strikes out swinging
Batting: RHB Ny Medrano 0-0: Called Strike
0-1: Ball
1-1: Swinging Strike
1-2: Ground out 5-3 (Groundball, 56, EV 86.2 MPH)
Top of the 6th over - 0 runs, 0 hits, 0 errors, 0 left on base; Belle River 0 - Raleigh 4
BOTTOM OF THE 6TH
Raleigh Oaks batting - Pitching for Belle River Bombers : RHP Lionel Mendoza
Pitching: LHP Max Allen
Batting: SHB Sawyer Shaw 0-0: Swinging Strike
0-1: SINGLE (Line Drive, 6D, EV 98.8 MPH)
Batting: RHB Colby Holden 0-0: Ball
1-0: Ball
2-0: Ball
3-0: Base on Balls
Sawyer Shaw to second
Batting: RHB Brad Furia 0-0: Called Strike
0-1: Ball
1-1: Swinging Strike
1-2: Strikes out looking
Batting: LHB Micah Lowrey 0-0: Called Strike
0-1: Foul Ball, location: 2F
0-2: Foul Ball, location: 2F
0-2: Foul Ball, location: 2F
0-2: Strikes out swinging
Batting: LHB Julien Bachinsky 0-0: Called Strike
0-1: Ball
1-1: Ball
2-1: Foul Ball, location: 2F
2-2: Foul Ball, location: 2F
2-2: Ball
3-2: Foul Ball, location: 2F
3-2: Ground out U3 (Groundball, 34, EV 100.6 MPH)
Bottom of the 6th over - 0 runs, 1 hit, 0 errors, 2 left on base; Belle River 0 - Raleigh 4
TOP OF THE 7TH
Belle River Bombers batting - Pitching for Raleigh Oaks : LHP Tyson Moore
Pitching: RHP Emerson Hwang
Batting: RHB Jovani DeCaria 0-0: Ball
1-0: Foul Ball, location: 2F
1-1: Ball
2-1: Swinging Strike
2-2: Ball
3-2: Foul Ball, location: 2F
3-2: Ground out 4-3 (Groundball, 4, EV 79.4 MPH)
Batting: RHB J.C. Rico 0-0: Ball
1-0: Ball
2-0: Called Strike
2-1: Foul Ball, location: 2F
2-2: Strikes out looking
Batting: RHB Peyton Epps 0-0: Ball
1-0: Foul Ball, location: 2F
1-1: Ball
2-1: Ground out U3 (Groundball, 13, EV 79.4 MPH)
Top of the 7th over - 0 runs, 0 hits, 0 errors, 0 left on base; Belle River 0 - Raleigh 4
BOTTOM OF THE 7TH
Raleigh Oaks batting - Pitching for Belle River Bombers : LHP Max Allen
Batting: LHB Erick Owens 0-0: SOLO HOME RUN (Flyball, 9D, EV 99.4 MPH), Distance : 387 ft
Batting: RHB Brock Stone 0-0: Called Strike
0-1: Ball
1-1: Ball
2-1: Called Strike
2-2: Ball
3-2: Base on Balls
Pitching: RHP Eli Karpinski
Batting: RHB Isaac McCall 0-0: Ball
1-0: Foul Ball, location: 2F
1-1: Called Strike
1-2: Ball
Pickoff Throw to First - Error! E1
Brock Stone to second
2-2: Ball
3-2: Base on Balls
Batting: SHB Branden Silzer 0-0: Called Strike
0-1: Ball
1-1: Foul Ball, location: 2F
1-2: Ball
2-2: SINGLE (Line Drive, 34D, EV 104.4 MPH)
Brock Stone to third
Isaac McCall to second
Batting: SHB Sawyer Shaw 0-0: Fly out, F8 (Flyball, 8RD, EV 100.6 MPH)
Batting: RHB Colby Holden 0-0: Swinging Strike
0-1: Foul Ball, location: 2F
0-2: Ball
1-2: Ball
2-2: SINGLE (Groundball, 6D, EV 98.8 MPH)
Brock Stone scores
Isaac McCall to third
Branden Silzer to second
Batting: RHB Brad Furia 0-0: Called Strike
0-1: Ball
1-1: Called Strike
1-2: Ball
2-2: Fielders Choice at 2nd, 5-4 (Groundball, 56S, EV 76.2 MPH)
Isaac McCall scores
Branden Silzer to third
Batting: LHB Micah Lowrey 0-0: Called Strike
0-1: Swinging Strike
0-2: Ball
1-2: Ball
2-2: Ball
3-2: Foul Ball, location: 2F
3-2: Foul Ball, location: 2F
3-2: Strikes out looking
Bottom of the 7th over - 3 runs, 3 hits, 1 error, 2 left on base; Belle River 0 - Raleigh 7
TOP OF THE 8TH
Belle River Bombers batting - Pitching for Raleigh Oaks : RHP Emerson Hwang
Batting: RHB Gavin Sawicki 0-0: Called Strike
0-1: Fly out, F9 (Flyball, 9, EV 88.8 MPH)
Batting: RHB Zachariah White 0-0: Called Strike
0-1: Foul Ball, location: 2F
0-2: Strikes out swinging
Pinch Hitting: RHB Max Corcoran 0-0: Called Strike
0-1: Swinging Strike
0-2: Strikes out swinging
Top of the 8th over - 0 runs, 0 hits, 0 errors, 0 left on base; Belle River 0 - Raleigh 7
BOTTOM OF THE 8TH
Raleigh Oaks batting - Pitching for Belle River Bombers : RHP Eli Karpinski
Pitching: LHP Linley Renwick
Now at 2B: Walter Forman
Now at SS: Corbin Schutte
Batting: LHB Julien Bachinsky 0-0: Ball
1-0: Swinging Strike
1-1: Ball
2-1: Ball
3-1: Foul Ball, location: 2F
3-2: Foul Ball, location: 2F
3-2: Base on Balls
Batting: LHB Erick Owens 0-0: DOUBLE (Line Drive, 9LS, EV 95.6 MPH)
Julien Bachinsky to third
Pinch Hitting: RHB Keegan Jewett 0-0: Called Strike
0-1: Called Strike
0-2: Foul Ball, location: 2F
0-2: Foul Ball, location: 2F
0-2: Foul Ball, location: 2F
0-2: SINGLE (Line Drive, 34D, EV 103.8 MPH)
Julien Bachinsky scores
Erick Owens to third
Batting: RHB Isaac McCall 0-0: Swinging Strike
0-1: Ball
1-1: DOUBLE (Flyball, 89XD, EV 112.5 MPH)
Erick Owens scores
Keegan Jewett to third
Pinch Hitting: RHB Jaden Tingler 0-0: Called Strike
0-1: DOUBLE (Line Drive, 9LM, EV 98.8 MPH)
Keegan Jewett scores
Isaac McCall scores
Pitching: RHP Cavin bin Mahir
Batting: SHB Sawyer Shaw 0-0: Called Strike
0-1: Ball
Wild Pitch!
Jaden Tingler to third
1-1: Ball
2-1: Foul Ball, location: 2F
2-2: Ball
3-2: Base on Balls
Pinch Hitting: RHB Sean Pioch 0-0: Fielders Choice at 2nd, 6-4 (Groundball, 6, EV 87.5 MPH)
Jaden Tingler scores
Batting: RHB Brad Furia 0-0: Fly out, F8 (Line Drive, 8RM, EV 93.8 MPH)
Batting: LHB Micah Lowrey 0-0: Called Strike
0-1: Foul Ball, location: 2F
0-2: Ball
1-2: Strikes out looking
Bottom of the 8th over - 5 runs, 4 hits, 0 errors, 1 left on base; Belle River 0 - Raleigh 12
TOP OF THE 9TH
Belle River Bombers batting - Pitching for Raleigh Oaks : RHP Emerson Hwang
Now at 1B: Sean Pioch
Now at 2B: Jaden Tingler
Now at 3B: Keegan Jewett
Now at SS: Brad Furia
Batting: RHB Corbin Schutte 0-0: Called Strike
0-1: SINGLE (Groundball, 5S, EV 62.5 MPH) (infield hit)
Batting: RHB Kyle Fielding 0-0: Called Strike
0-1: Ball
1-1: Reached on error, E4 (Groundball, 4M, EV 83.1 MPH)
Corbin Schutte to second
Batting: RHB Ny Medrano 0-0: Called Strike
0-1: Ball
1-1: Foul Ball, location: 2F
1-2: Ball
2-2: Strikes out swinging
Pinch Hitting: RHB James Hill 0-0: Foul Ball, location: 2F
0-1: Hit by Pitch
Corbin Schutte to third
Kyle Fielding to second
Pinch Hitting: RHB Orion Rivera 0-0: Swinging Strike
0-1: Ball
Wild Pitch!
Corbin Schutte scores
Kyle Fielding to third
James Hill to second
1-1: Foul Ball, location: 2F
1-2: Foul Ball, location: 2F
1-2: Ball
2-2: Ground out 6-3 (Groundball, 6M, EV 103.8 MPH)
Kyle Fielding scores
James Hill to third
Batting: RHB Peyton Epps 0-0: Ball
1-0: Foul Ball, location: 2F
1-1: Ground out 6-3 (Groundball, 56, EV 101.9 MPH)
Top of the 9th over - 2 runs, 1 hit, 1 error, 1 left on base; Belle River 2 - Raleigh 12
Thursday, May 9th , 2024 - OOTP Baseball 23.10 Build 110